 Dungeon Crawl Stone Soup version 0.21-a0-552-g593960d (webtiles) character file.

5010 tidbits the Martial Artist (level 10, -2/76 HPs)
             Began as a Gnoll Transmuter on Dec 17, 2017.
             Was a Priest of Cheibriados.
             Slain by an orc warrior
             ... wielding a +0 dire flail
              (17 damage)
             ... on level 11 of the Dungeon.
             The game lasted 00:38:32 (2450 turns).

tidbits the Martial Artist (Gnoll Transmuter)       Turns: 2450, Time: 00:38:33

Health: -2/76      AC:  4    Str: 19    XL:     10   Next: 54%
Magic:  14/21      EV: 28    Int: 24    God:    Cheibriados [***...]
Gold:   281        SH:  0    Dex: 27    Spells: 7/23 levels left

rFire    . . .     SeeInvis .     - Unarmed
rCold    . . .     Gourm    .   (shield currently unavailable)
rNeg     . . .     Faith    .   x - +0 robe
rPois    +         Spirit   .   E - +0 helmet
rElec    .         Reflect  .   H - +0 cloak
rCorr    .         Harm     .   (gloves currently unavailable)
MR       .....                  (no boots)
Stlth    +++++.....             (no amulet)
HPRegen  0.22/turn              P - ring of poison resistance
MPRegen  0.17/turn              V - +4 ring of evasion

@: agile, blade hands (expiring), very slow
A: distributed training, fangs 1, strong nose
a: End Transformation, Bend Time, Temporal Distortion, Renounce Religion


You were on level 11 of the Dungeon.
You worshipped Cheibriados.
Cheibriados was most pleased with you.
You were not hungry.
You had blades for hands.
You visited 3 branches of the dungeon, and saw 13 of its levels.

You collected 382 gold pieces.
You spent 101 gold pieces at shops.

Inventory:

Hand Weapons
 a - a +3 long sword of electrocution
   (You took it off an orc warrior on level 8 of the Dungeon)
 b - a +3 dire flail of protection
   (You took it off Edmund on level 4 of the Dungeon)
 i - a +0 shortbow
 m - a +4 whip
 p - a +3 dagger
 s - a +0 spear
 z - a +0 dagger of pain
   (You took it off a kobold on level 2 of the Dungeon)
 C - a cursed -2 hunting sling
 R - a +2 dagger of venom (melded)
   (You took it off an orc on level 7 of the Dungeon)
 S - a +0 hunting sling
 T - a +2 falchion of electrocution
   (You took it off an orc on level 8 of the Dungeon)
Missiles
 h - 109 stones
 k - 103 arrows
 u - 60 sling bullets
 D - 3 tomahawks (quivered)
Armour
 x - a +0 robe (worn)
 E - a +0 helmet (worn)
 H - a +0 cloak (worn)
 L - a cursed +0 shield
 Q - a +2 ring mail of magic resistance
   (You took it off an orc priest on level 8 of the Dungeon)
 X - a +0 buckler
 Y - a +2 robe of cold resistance
   (You took it off Fannar on level 1 of the Lair of Beasts)
Jewellery
 n - a +5 ring of strength
   (You found it on level 3 of the Dungeon)
 w - an uncursed ring of flight
   (You found it on level 3 of the Dungeon)
 B - the ring "Goubeym" {-Tele rC+ MP+9 Int+2 Dex+3 SInv}
   (You found it on level 7 of the Dungeon)

   [ring of dexterity]

   It affects your intelligence (+2).
   It affects your dexterity (+3).
   It protects you from cold.
   It affects your magic capacity (+9).
   It lets you see invisible.
   It prevents most forms of teleportation.
 K - an uncursed ring of magical power
   (You found it on level 6 of the Dungeon)
 O - an uncursed ring of protection from fire
   (You found it on level 7 of the Dungeon)
 P - a ring of poison resistance (left scythe-like blade)
   (You found it on level 7 of the Dungeon)
 V - a +4 ring of evasion (right scythe-like blade)
   (You took it off a big kobold on level 7 of the Dungeon)
 Z - an uncursed ring of ice
   (You took it off Fannar on level 1 of the Lair of Beasts)
Wands
 M - a wand of iceblast (12)
 N - a wand of paralysis (3)
 W - a wand of flame (24)
Scrolls
 o - 2 scrolls of teleportation {unknown}
 q - 2 scrolls of amnesia
 r - 3 scrolls of remove curse
 t - a scroll of magic mapping
 y - a scroll of enchant armour {unknown}
 A - a scroll of immolation
 F - 2 scrolls of random uselessness
 G - 2 scrolls of noise
 I - a scroll of torment
Potions
 j - a potion of cancellation
 l - 3 potions of ambrosia
 v - a potion of resistance
 U - a potion of curing
Books
 c - a book of Changes

   Spells                             Type                      Level
   a - Beastly Appendage              Transmutation                1
   b - Sticks to Snakes               Transmutation                2
   c - Spider Form                    Transmutation/Poison         3
   d - Ice Form                       Ice/Transmutation            4
   e - Blade Hands                    Transmutation                5
 J - a book of Clouds
   (You found it on level 6 of the Dungeon)

   Spells                             Type                      Level
   a - Poisonous Vapours              Poison/Air                   2
   b - Mephitic Cloud                 Conjuration/Poison/Air       3
   c - Conjure Flame                  Conjuration/Fire             3
   d - Freezing Cloud                 Conjuration/Ice/Air          6
   e - Ring of Flames                 Charms/Fire                  7
Comestibles
 d - 9 bread rations
 f - 2 meat rations


   Skills:
 + Level 5.9 Fighting
 + Level 5.3 Short Blades
 + Level 5.3 Long Blades
 + Level 5.3 Axes
 + Level 5.3 Maces & Flails
 + Level 5.3 Polearms
 + Level 5.3 Staves
 + Level 5.3 Slings
 + Level 5.3 Bows
 + Level 5.3 Crossbows
 + Level 5.3 Throwing
 + Level 5.3 Armour
 + Level 7.1 Dodging
 + Level 5.3 Stealth
 + Level 5.3 Shields
 + Level 8.5 Unarmed Combat
 + Level 7.3 Spellcasting
 + Level 4.3 Conjurations
 + Level 4.3 Hexes
 + Level 4.3 Charms
 + Level 4.3 Summonings
 + Level 4.3 Necromancy
 + Level 4.3 Translocations
 + Level 5.9 Transmutations
 + Level 4.3 Fire Magic
 + Level 4.3 Ice Magic
 + Level 4.3 Air Magic
 + Level 4.3 Earth Magic
 + Level 4.3 Poison Magic
 + Level 5.8 Invocations
 + Level 5.3 Evocations


You had 7 spell levels left.
You knew the following spells:

 Your Spells              Type           Power        Failure   Level  Hunger
c - Conjure Flame         Conj/Fire      ####....     26%         3    None
h - Blade Hands           Tmut           #####.....   58%         5    #####..
k - Sticks to Snakes      Tmut           #####...     14%         2    None
m - Mephitic Cloud        Conj/Pois/Air  ####....     26%         3    None
p - Spider Form           Tmut/Pois      ####......   24%         3    None


Dungeon Overview and Level Annotations

Branches:
Dungeon (11/15)            Temple (1/1) D:7            Lair (1/6) D:11
    Orc (0/2) D:11

Altars:
Ashenzari
Cheibriados
Makhleb
Okawaru
Qazlal
Ru
Trog
Uskayaw
Yredelemnul
The Shining One

Shops:
D:5 *


Innate Abilities, Weirdness & Mutations

Your experience applies equally to all skills.
You have very sharp teeth.
Your uncanny sense of smell can sniff out nearby items.


Message History

You hit the big kobold.
You bite the big kobold, but do no damage.
The big kobold is heavily wounded.
Your adder completely misses the big kobold.
The crocodile completely misses you. The kobold closely misses you.
The big kobold hits you but does no damage.
The big kobold closely misses your adder.
The big kobold closely misses you.
You closely miss the big kobold.
You bite the big kobold, but do no damage.
The big kobold is heavily wounded.
Your adder misses the big kobold. The crocodile bites you! The kobold hits you.
The big kobold misses you.
The big kobold closely misses your adder.
You slash the big kobold! Your bite misses the big kobold.
The big kobold is severely wounded.
Your adder bites the crocodile but does no damage.
The crocodile bites you!!
* * * LOW HITPOINT WARNING * * *
The kobold hits you but does no damage.
Okay, then.
The flow of time bends around you.
Cheibriados rebukes the crocodile.
The crocodile seems to slow down.
Cheibriados rebukes the kobold.
The kobold seems to slow down.
Cheibriados rebukes the kobold.
The kobold seems to slow down.
Cheibriados rebukes the big kobold.
The big kobold seems to slow down.
Cheibriados rebukes the big kobold.
The big kobold seems to slow down.
You feel slightly more hungry.
Cheibriados lowers the support of your attributes as your movement quickens.
Your adder bites the crocodile but does no damage.
The big kobold hits your adder with a whip.
The big kobold closely misses you. The kobold completely misses you.
The big kobold completely misses you.
Your adder closely misses the big kobold.
You slice the crocodile!!
You bite the crocodile, but do no damage.
The crocodile is almost dead.
The big kobold closely misses your adder.
The crocodile misses you. The kobold closely misses you.
Your adder barely misses the big kobold.
The big kobold closely misses you.
You slice the crocodile!!
You kill the crocodile!
Cheibriados appreciates the change of pace.
The big kobold looks more healthy.
The kobold hits you with a whip.
* * * LOW HITPOINT WARNING * * *
The big kobold barely misses your adder.
Your adder barely misses the big kobold.
The big kobold hits you.
* * * LOW HITPOINT WARNING * * *
The kobold closely misses you.
You hit the big kobold but do no damage.
The big kobold is almost dead.
The orc warrior misses you.
Your adder barely misses the big kobold.
The big kobold hits your adder with a whip!
Your adder dies!
The kobold completely misses you.
You slice the big kobold!!
You kill the big kobold!
The big kobold hits you.
* * * LOW HITPOINT WARNING * * *
The orc warrior closely misses you. The kobold completely misses you.
A kobold demonologist comes into view. It is wielding an enchanted dagger.
Okay, then.
Unknown command.
Evoke which item? (* to show all) (? for menu, Esc to quit)
Okay, then.
Unknown command.
You feel agile all of a sudden.
Your transformation is almost over.
The orc warrior completely misses you. The big kobold closely misses you.
The kobold throws a stone.
The stone completely misses you.
The big kobold throws a stone.
The stone misses you.
You see here a stone.
Okay, then.
Unknown command.
Unknown command.
The flow of time bends around you.
Cheibriados rebukes the orc warrior.
The orc warrior seems to slow down.
Cheibriados rebukes the big kobold.
The big kobold seems to slow down.
You feel slightly more hungry. The orc warrior completely misses you.
The kobold throws a stone.
The stone completely misses you.
A centaur comes into view.
The big kobold is no longer moving slowly.
The kobold demonologist casts a spell.
The big kobold throws a stone.
The stone hits you but does no damage.
You see here a stone.
The kobold demonologist miscasts a cantrip.
Your magical contamination has completely faded away.
Found a lajatang.
You hit the orc warrior but do no damage.
You bite the orc warrior, but do no damage.
The orc warrior hits you with a dire flail!
You die...

*,*,**,###...# *,*∆,,,,.....###
*,*,##.**#.....#
*,*,...###.3...########* ******
*,**#.......K)........,***,,,,*
*,* #.#**#.....#.#*.##,,,,,,,,*
*,* #.# #..K$KK:#...#.**,**,,*
#.###.####†#.##oK......*,,,*,,*
#..........#.##@.#.....,,,,,,,*
#####.#..###.###.#*..#c,,,,*,,*
#S##.# #.#*,(..,.#**,,**,,*
#.##># #.#*,##..#**,,,,,,,*
#.#### #.#*,*,....*,,**,,,* #.#
#.#*,,,,..).,,,*,,** #### #[#
#.#*,*,,.#..,,,,,,*
...###.######.#*,**,**.#,,,*,,*
##.##..†......#*,,,,,,,**,**,,*


You could see a kobold demonologist, a neqoxec, an orc warrior, 2 big kobolds
and a kobold.

Vanquished Creatures
  Fannar (Lair:1)
  A kobold demonologist (D:11)
  A wyvern (D:8)
  2 yaks (Lair:1)
  A hungry ghost (D:8)
  A soldier ant (D:11)
  Edmund (D:4)
  2 black bears
  2 necrophages
  2 orc warriors (D:8)
  A sky beast (D:7)
  2 phantoms
  2 ogres (D:8)
  2 centaurs
  A crocodile (D:11)
  2 big kobolds
  2 bullfrogs (D:8)
  A wyvern zombie (D:6)
  12 killer bees
  4 crimson imps
  A bullfrog zombie (D:7)
  6 orc priests
  A bullfrog skeleton (D:7)
  4 hounds
  A jelly (D:8)
  5 orc wizards
  Terence (D:3)
  5 worker ants
  3 iguanas
  3 adders
  An adder skeleton (D:7)
  A dart slug (D:1)
  3 leopard geckos
  20 orcs
  4 ball pythons
  A giant cockroach (D:1)
  4 goblins
  A hobgoblin (D:1)
  10 jackals
  A quokka (D:8)
  4 bats
  A frilled lizard (D:3)
  A jackal skeleton (D:5)
  A jackal zombie (D:6)
  5 kobolds
  A leopard gecko skeleton (D:7)
  A quokka skeleton (D:6)
  A quokka zombie (D:4)
  6 rats
140 creatures vanquished.

Vanquished Creatures (collateral kills)
  A yak (Lair:1)
  A spriggan (D:7)
  A bullfrog (D:7)
  A killer bee (D:8)
  A hound zombie (D:6)
  A worker ant zombie (D:6)
  4 orcs
  2 giant cockroaches (D:3)
  A kobold (D:7)
  A frilled lizard (D:3)
14 creatures vanquished.

Grand Total: 154 creatures vanquished

Notes
Turn   | Place    | Note
-------+----------+-------------------------------------------
     0 | D:1      | tidbits the Gnoll Transmuter began the quest for the Orb.
     0 | D:1      | Reached XP level 1. HP: 17/17 MP: 6/6
    90 | D:1      | Reached XP level 2. HP: 20/23 MP: 4/7
   148 | D:1      | Learned a level 2 spell: Sticks to Snakes
   194 | D:2      | Reached XP level 3. HP: 27/28 MP: 5/9
   203 | D:2      | Learned a level 3 spell: Spider Form
   225 | D:2      | Reached skill level 5 in Spellcasting
   348 | D:3      | Reached skill level 1 in Invocations
   379 | D:3      | Noticed Terence
   448 | D:4      | Noticed an ogre
   448 | D:4      | Noticed an ogre
   538 | D:3      | Killed Terence
   538 | D:3      | Reached skill level 1 in Short Blades
   538 | D:3      | Reached skill level 1 in Long Blades
   538 | D:3      | Reached skill level 1 in Axes
   538 | D:3      | Reached skill level 1 in Maces & Flails
   538 | D:3      | Reached skill level 1 in Polearms
   538 | D:3      | Reached skill level 1 in Staves
   538 | D:3      | Reached skill level 1 in Slings
   538 | D:3      | Reached skill level 1 in Bows
   538 | D:3      | Reached skill level 1 in Crossbows
   538 | D:3      | Reached skill level 1 in Throwing
   538 | D:3      | Reached skill level 1 in Armour
   538 | D:3      | Reached skill level 1 in Stealth
   538 | D:3      | Reached skill level 1 in Shields
   538 | D:3      | Reached skill level 1 in Evocations
   538 | D:3      | Reached XP level 4. HP: 25/34 MP: 1/11
   561 | D:4      | Noticed Edmund
   576 | D:4      | Killed Edmund
   576 | D:4      | Reached skill level 3 in Fighting
   576 | D:4      | Reached skill level 1 in Conjurations
   576 | D:4      | Reached skill level 1 in Hexes
   576 | D:4      | Reached skill level 1 in Charms
   576 | D:4      | Reached skill level 1 in Summonings
   576 | D:4      | Reached skill level 1 in Necromancy
   576 | D:4      | Reached skill level 1 in Translocations
   576 | D:4      | Reached skill level 4 in Transmutations
   576 | D:4      | Reached skill level 1 in Fire Magic
   576 | D:4      | Reached skill level 1 in Ice Magic
   576 | D:4      | Reached skill level 1 in Air Magic
   576 | D:4      | Reached skill level 1 in Earth Magic
   576 | D:4      | Reached skill level 1 in Poison Magic
   576 | D:4      | Reached XP level 5. HP: 27/41 MP: 0/12
   680 | D:4      | Noticed a phantom
   697 | D:4      | Killed a phantom
   697 | D:4      | Reached skill level 2 in Invocations
   697 | D:4      | Reached XP level 6. HP: 46/47 MP: 5/13
   743 | D:5      | Entered Level 5 of the Dungeon
   745 | D:5      | Found a sacrificial altar of Ru.
   766 | D:4      | Reached skill level 2 in Short Blades
   766 | D:4      | Reached skill level 2 in Long Blades
   766 | D:4      | Reached skill level 2 in Axes
   766 | D:4      | Reached skill level 2 in Maces & Flails
   766 | D:4      | Reached skill level 2 in Polearms
   766 | D:4      | Reached skill level 2 in Staves
   766 | D:4      | Reached skill level 2 in Slings
   766 | D:4      | Reached skill level 2 in Bows
   766 | D:4      | Reached skill level 2 in Crossbows
   766 | D:4      | Reached skill level 2 in Throwing
   766 | D:4      | Reached skill level 2 in Armour
   766 | D:4      | Reached skill level 5 in Dodging
   766 | D:4      | Reached skill level 2 in Stealth
   766 | D:4      | Reached skill level 2 in Shields
   766 | D:4      | Reached skill level 2 in Evocations
   819 | D:5      | Found Inudd's Assorted Antiques.
   825 | D:5      | Bought a sedimented yellow potion for 23 gold pieces
   825 | D:5      | Bought a scroll labeled KIFIUCWORUX for 26 gold pieces
   825 | D:5      | Bought a scroll labeled FOITEO BEHI for 26 gold pieces
   825 | D:5      | Bought a scroll labeled UNIGOM DAWYKUQ for 26 gold pieces
  1073 | D:6      | Reached XP level 7. HP: 21/52 MP: 9/15
  1135 | D:6      | Reached skill level 7 in Unarmed Combat
  1214 | D:7      | Reached skill level 2 in Conjurations
  1214 | D:7      | Reached skill level 2 in Hexes
  1214 | D:7      | Reached skill level 2 in Charms
  1214 | D:7      | Reached skill level 2 in Summonings
  1214 | D:7      | Reached skill level 2 in Necromancy
  1214 | D:7      | Reached skill level 2 in Translocations
  1214 | D:7      | Reached skill level 2 in Fire Magic
  1214 | D:7      | Reached skill level 2 in Ice Magic
  1214 | D:7      | Reached skill level 2 in Air Magic
  1214 | D:7      | Reached skill level 2 in Earth Magic
  1214 | D:7      | Reached skill level 2 in Poison Magic
  1273 | D:7      | Found a staircase to the Ecumenical Temple.
  1286 | Temple   | Entered the Ecumenical Temple
  1295 | Temple   | Became a worshipper of Cheibriados the Contemplative
  1322 | D:7      | Noticed a spriggan baker
  1326 | D:7      | Killed a spriggan baker
  1326 | D:7      | Reached skill level 3 in Invocations
  1326 | D:7      | Reached XP level 8. HP: 48/60 MP: 5/16
  1336 | D:7      | Found Tesuneiz's Antique Weapon Boutique.
  1346 | D:7      | Got a sparkling silver ring
  1348 | D:7      | Identified the ring "Goubeym" {-Tele rC+ MP+9 Int+2 Dex+3 SInv} (You found it on level 7 of the Dungeon)
  1424 | D:6      | Reached skill level 4 in Fighting
  1424 | D:6      | Reached skill level 3 in Short Blades
  1424 | D:6      | Reached skill level 3 in Long Blades
  1424 | D:6      | Reached skill level 3 in Axes
  1424 | D:6      | Reached skill level 3 in Maces & Flails
  1424 | D:6      | Reached skill level 3 in Polearms
  1424 | D:6      | Reached skill level 3 in Staves
  1424 | D:6      | Reached skill level 3 in Slings
  1424 | D:6      | Reached skill level 3 in Bows
  1424 | D:6      | Reached skill level 3 in Crossbows
  1424 | D:6      | Reached skill level 3 in Throwing
  1424 | D:6      | Reached skill level 3 in Armour
  1424 | D:6      | Reached skill level 3 in Stealth
  1424 | D:6      | Reached skill level 3 in Shields
  1424 | D:6      | Reached skill level 3 in Evocations
  1470 | D:7      | Reached skill level 6 in Spellcasting
  1479 | D:7      | Reached * piety under Cheibriados
  1725 | D:8      | Noticed a wyvern
  1732 | D:8      | Killed a wyvern
  1732 | D:8      | Reached skill level 3 in Conjurations
  1732 | D:8      | Reached skill level 3 in Hexes
  1732 | D:8      | Reached skill level 3 in Charms
  1732 | D:8      | Reached skill level 3 in Summonings
  1732 | D:8      | Reached skill level 3 in Necromancy
  1732 | D:8      | Reached skill level 3 in Translocations
  1732 | D:8      | Reached skill level 3 in Fire Magic
  1732 | D:8      | Reached skill level 3 in Ice Magic
  1732 | D:8      | Reached skill level 3 in Air Magic
  1732 | D:8      | Reached skill level 3 in Earth Magic
  1732 | D:8      | Reached skill level 3 in Poison Magic
  1732 | D:8      | Reached skill level 4 in Invocations
  1732 | D:8      | Reached XP level 9. HP: 37/66 MP: 18/18
  1735 | D:8      | Reached skill level 6 in Dodging
  1735 | D:8      | Reached skill level 5 in Transmutations
  1775 | D:8      | Reached ** piety under Cheibriados
  1778 | D:8      | Reached skill level 4 in Short Blades
  1778 | D:8      | Reached skill level 4 in Long Blades
  1778 | D:8      | Reached skill level 4 in Axes
  1778 | D:8      | Reached skill level 4 in Maces & Flails
  1778 | D:8      | Reached skill level 4 in Polearms
  1778 | D:8      | Reached skill level 4 in Staves
  1778 | D:8      | Reached skill level 4 in Slings
  1778 | D:8      | Reached skill level 4 in Bows
  1778 | D:8      | Reached skill level 4 in Crossbows
  1778 | D:8      | Reached skill level 4 in Throwing
  1778 | D:8      | Reached skill level 4 in Armour
  1778 | D:8      | Reached skill level 4 in Stealth
  1778 | D:8      | Reached skill level 4 in Shields
  1778 | D:8      | Reached skill level 4 in Evocations
  1786 | D:8      | HP: 3/67 [killer bee (9)]
  1791 | D:8      | HP: 3/67 [poisoned by a killer bee]
  1800 | D:8      | HP: 4/67 [poisoned by a killer bee]
  1825 | D:8      | Learned a level 3 spell: Conjure Flame
  1829 | D:8      | Learned a level 3 spell: Mephitic Cloud
  1850 | D:8      | Reached skill level 5 in Fighting
  1884 | D:8      | Found a stormy altar of Qazlal.
  1996 | D:8      | Reached skill level 8 in Unarmed Combat
  2080 | D:8      | Reached skill level 5 in Invocations
  2164 | D:9      | Found an iron altar of Okawaru.
  2164 | D:9      | Found a glowing golden altar of the Shining One.
  2189 | D:10     | Entered Level 10 of the Dungeon
  2229 | D:10     | Learned a level 5 spell: Blade Hands
  2292 | D:10     | Reached *** piety under Cheibriados
  2292 | D:10     | Reached XP level 10. HP: 67/74 MP: 20/20
  2327 | D:11     | Reached skill level 7 in Spellcasting
  2336 | D:11     | Found a staircase to the Lair.
  2341 | Lair:1   | Entered Level 1 of the Lair of Beasts
  2354 | Lair:1   | Reached skill level 4 in Conjurations
  2354 | Lair:1   | Reached skill level 4 in Hexes
  2354 | Lair:1   | Reached skill level 4 in Charms
  2354 | Lair:1   | Reached skill level 4 in Summonings
  2354 | Lair:1   | Reached skill level 4 in Necromancy
  2354 | Lair:1   | Reached skill level 4 in Translocations
  2354 | Lair:1   | Reached skill level 4 in Fire Magic
  2354 | Lair:1   | Reached skill level 4 in Ice Magic
  2354 | Lair:1   | Reached skill level 4 in Air Magic
  2354 | Lair:1   | Reached skill level 4 in Earth Magic
  2354 | Lair:1   | Reached skill level 4 in Poison Magic
  2363 | Lair:1   | Noticed Fannar
  2383 | Lair:1   | Killed Fannar
  2383 | Lair:1   | Reached skill level 5 in Short Blades
  2383 | Lair:1   | Reached skill level 5 in Long Blades
  2383 | Lair:1   | Reached skill level 5 in Axes
  2383 | Lair:1   | Reached skill level 5 in Maces & Flails
  2383 | Lair:1   | Reached skill level 5 in Polearms
  2383 | Lair:1   | Reached skill level 5 in Staves
  2383 | Lair:1   | Reached skill level 5 in Slings
  2383 | Lair:1   | Reached skill level 5 in Bows
  2383 | Lair:1   | Reached skill level 5 in Crossbows
  2383 | Lair:1   | Reached skill level 5 in Throwing
  2383 | Lair:1   | Reached skill level 5 in Armour
  2383 | Lair:1   | Reached skill level 5 in Stealth
  2383 | Lair:1   | Reached skill level 5 in Shields
  2383 | Lair:1   | Reached skill level 5 in Evocations
  2423 | D:11     | Reached skill level 7 in Dodging
  2426 | D:11     | Noticed a kobold demonologist
  2436 | D:11     | Killed a kobold demonologist
  2445 | D:11     | Noticed a kobold demonologist
  2450 | D:11     | Slain by an orc warrior

Vault maps used:
D:1:      dpeg_arrival_three_same_balls, minmay_tetromino_s4
D:2:      grunt_temple_overflow_opulence, nicolae_underground_beach
D:3:      uniq_terence
D:4:      nicolae_dithmenos_the_darkroom, uniq_natasha, uniq_edmund
D:5:      kennysheep_mini_moat, first_bread, serial_shops, shop
D:6:      kennysheep_vampire_church, moated_statue, kennysheep_generic_room_5,
          uniq_duvessa
D:7:      minmay_temple_entry_mist, serial_shops, shop, the_bakery
D:8:      grunt_qazlal_sundering, kennysheep_generic_room_11
D:9:      minitemple, okawaru_ov_weapons_minmay
D:10:     kennysheep_windowed_goal
D:11:     lair_entry_dummy, hiddenorc2_lemuel, hangedman_decor_clover_reticule,
          minmay_fire_ice_demons
Temple:   dshaligram_water_room_temple
Lair:1:   uniq_fannar

Skill      XL: |  1  2  3  4  5  6  7  8  9 10 |
---------------+-------------------------------+-----
Spellcasting   | 5 6 7 |  7.3
Invocations    | 1 2 3 4 5 |  5.8
Short Blades   | 1 2 3 4 5 |  5.3
Long Blades    | 1 2 3 4 5 |  5.3
Axes           | 1 2 3 4 5 |  5.3
Maces & Flails | 1 2 3 4 5 |  5.3
Polearms       | 1 2 3 4 5 |  5.3
Staves         | 1 2 3 4 5 |  5.3
Slings         | 1 2 3 4 5 |  5.3
Bows           | 1 2 3 4 5 |  5.3
Crossbows      | 1 2 3 4 5 |  5.3
Throwing       | 1 2 3 4 5 |  5.3
Armour         | 1 2 3 4 5 |  5.3
Stealth        | 1 2 3 4 5 |  5.3
Shields        | 1 2 3 4 5 |  5.3
Evocations     | 1 2 3 4 5 |  5.3
Fighting       | 3 4 5 |  5.9
Conjurations   | 1 2 3 4 |  4.3
Hexes          | 1 2 3 4 |  4.3
Charms         | 1 2 3 4 |  4.3
Summonings     | 1 2 3 4 |  4.3
Necromancy     | 1 2 3 4 |  4.3
Translocations | 1 2 3 4 |  4.3
Transmutations | 4 5 |  5.9
Fire Magic     | 1 2 3 4 |  4.3
Ice Magic      | 1 2 3 4 |  4.3
Air Magic      | 1 2 3 4 |  4.3
Earth Magic    | 1 2 3 4 |  4.3
Poison Magic   | 1 2 3 4 |  4.3
Dodging        | 5 6 7 |  7.1
Unarmed Combat | 7 8 |  8.5

Action                   |  1- 3 |  4- 6 |  7- 9 | 10-12 || total
-------------------------+-------+-------+-------+-------++-------
Melee: Unarmed           |    52 |    67 |   188 |    52 ||   359
       Kick              |     5 |       |       |       ||     5
       Dagger            |    17 |     7 |    10 |       ||    34
       Bite              |     2 |       |     2 |     5 ||     9
       Punch             |     1 |       |       |       ||     1
       Long sword        |       |       |     1 |       ||     1
 Cast: Beastly Appendage |     5 |       |       |       ||     5
       Sticks to Snakes  |     6 |     7 |    19 |     6 ||    38
       Spider Form       |     8 |     8 |    29 |     3 ||    48
       Conjure Flame     |       |       |     1 |       ||     1
       Mephitic Cloud    |       |       |     1 |       ||     1
       Blade Hands       |       |       |       |     1 ||     1
Invok: Bend Time         |       |       |     2 |     2 ||     4
 Abil: End Transformatio |       |       |     5 |       ||     5
Evoke: Wand              |       |       |    18 |       ||    18
  Use: Scroll            |       |       |    10 |     2 ||    12
       Potion            |       |       |     6 |     1 ||     7
 Stab: Sleeping          |     3 |     3 |     2 |       ||     8
       Distracted        |       |       |     3 |     2 ||     5
       Paralysed         |       |       |     6 |       ||     6
  Eat: Chunk             |       |     2 |       |       ||     2
       Royal jelly       |       |       |     1 |       ||     1
       Fruit             |       |       |     4 |       ||     4
Armor: Robe              |     8 |     2 |     3 |     3 ||    16
       Skin              |     1 |     1 |     9 |       ||    11
Dodge: Dodged            |    51 |    42 |   209 |    66 ||   368

Table legend:
 A = Spawn XP
 B = Non-spawn XP
 C = Spawn XP percentage of total XP
 D = Spawn monster count
 E = Non-spawn monster count
 F = Spawn count percentage of total count
 G = Total turns spent on level
                    A         B        C        D         E        F      G
               +---------+---------+-------+---------+---------+-------+---------
         Total |       0 |    7158 |   0.0 |       0 |     154 |   0.0 |  2450
               +---------+---------+-------+---------+---------+-------+---------
           D:1 |       0 |      21 |   0.0 |       0 |      11 |   0.0 |   172
           D:2 |       0 |      24 |   0.0 |       0 |      11 |   0.0 |   137
           D:3 |       0 |      58 |   0.0 |       0 |      15 |   0.0 |   243
           D:4 |       0 |     372 |   0.0 |       0 |      13 |   0.0 |   223
           D:5 |       0 |       4 |   0.0 |       0 |       2 |   0.0 |   180
           D:6 |       0 |     473 |   0.0 |       0 |      16 |   0.0 |   373
           D:7 |       0 |    1185 |   0.0 |       0 |      30 |   0.0 |   336
           D:8 |       0 |    2399 |   0.0 |       0 |      44 |   0.0 |   459
          D:10 |       0 |     146 |   0.0 |       0 |       2 |   0.0 |   109
          D:11 |       0 |     937 |   0.0 |       0 |       6 |   0.0 |    79
        Lair:1 |       0 |    1539 |   0.0 |       0 |       4 |   0.0 |    71
               +---------+---------+-------+---------+---------+-------+---------

Table legend:
 A = Turns spent in this place as a percentage of turns spent in the entire game.
 B = Non-inter-level travel turns spent in this place as a percentage of non-inter-level travel turns spent in the entire game.
 C = Inter-level travel turns spent in this place as a percentage of turns spent in this place.
 D = Turns resting spent in this place as a percentage of non-inter-level travel turns spent in this place.
 E = Turns spent auto-exploring this place as a percentage of non-inter-level travel turns spent in this place.
 F = Non-inter-level travel turns spent in this place divided by the number of levels of this place that you've seen.
                   A       B       C       D       E      F
               +-------+-------+-------+-------+-------+----------------------
         Total | 100.0 | 100.0 |   0.0 |   0.0 |   0.0 | 188.5
       Dungeon |  96.2 |  96.2 |   0.0 |   0.0 |   0.0 | 214.2
        Temple |   0.9 |   0.9 |   0.0 |   0.0 |   0.0 |  23.0
          Lair |   2.9 |   2.9 |   0.0 |   0.0 |   0.0 |  71.0
               +-------+-------+-------+-------+-------+----------------------

Table legend:
 A = Kills in this place as a percentage of kills in entire the game.
 B = Kills by you in this place as a percentage of kills by you in the entire game.
 C = Kills by friends in this place as a percentage of kills by friends in the entire game.
 D = Other kills in this place as a percentage of other kills in the entire game.
 E = Experience gained in this place as a percentage of experience gained in the entire game.
 F = Experience gained in this place divided by the number of levels of this place that you have seen.
                   A       B       C       D       E      F
               +-------+-------+-------+-------+-------+----------------------
         Total | 100.0 | 100.0 | 100.0 |   N/A | 100.0 | 550.6
       Dungeon |  97.4 |  97.9 |  92.9 |   N/A |  78.5 | 510.8
          Lair |   2.6 |   2.1 |   7.1 |   N/A |  21.5 | 1539.0
               +-------+-------+-------+-------+-------+----------------------

Vault maps used:
D:1:      dpeg_arrival_three_same_balls, minmay_tetromino_s4
D:2:      grunt_temple_overflow_opulence, nicolae_underground_beach
D:3:      uniq_terence
D:4:      nicolae_dithmenos_the_darkroom, uniq_natasha, uniq_edmund
D:5:      kennysheep_mini_moat, first_bread, serial_shops, shop
D:6:      kennysheep_vampire_church, moated_statue, kennysheep_generic_room_5,
          uniq_duvessa
D:7:      minmay_temple_entry_mist, serial_shops, shop, the_bakery
D:8:      grunt_qazlal_sundering, kennysheep_generic_room_11
D:9:      minitemple, okawaru_ov_weapons_minmay
D:10:     kennysheep_windowed_goal
D:11:     lair_entry_dummy, hiddenorc2_lemuel, hangedman_decor_clover_reticule,
          minmay_fire_ice_demons
Temple:   dshaligram_water_room_temple
Lair:1:   uniq_fannar
